Montreal Canadiens vs Chicago Black Hawks
Created - Sunday, June 9, 2024 at 07:46
Goals
|
| Montreal Canadiens |
2 |
1 |
2 |
5 |
| Chicago Black Hawks |
0 |
0 |
1 |
1 |
|
Shots
|
| Montreal Canadiens |
15 |
6 |
7 |
28 |
| Chicago Black Hawks |
8 |
13 |
6 |
27 |
|
1st period
1. Montreal Canadiens , Christian Fischer 1 (Jonathan Marchessault 1, Tyler Myers 1) at 15:06
2. Montreal Canadiens , Filip Forsberg 1 (Dylan Larkin 3, Tyler Myers 2) at 15:45
Penalties :
Marcus Pettersson (CHI) for Slashing (Minor) at 7:04, Brady Skjei (MTL) for Hooking (Minor) at 19:39
2nd period
3. Montreal Canadiens , Dylan Larkin 2 (Jamie Benn 1, Adam Fox 1) at 14:53 (PP)
Penalties :
Brady Skjei (MTL) for Holding Stick (Minor) at 12:46, Vincent Trocheck (CHI) for Interference (Minor) at 13:27
3rd period
4. Chicago Black Hawks , Bo Horvat 3 (Kevin Fiala 3, Cale Makar 1) at 4:29
5. Montreal Canadiens , Martin Necas 2 (Patrik Laine 1, Sidney Crosby 1) at 14:22
6. Montreal Canadiens , Tyler Myers 1 (Sidney Crosby 2, Jamie Benn 2) at 16:19
Penalties :
Jack Johnson (MTL) for Slashing (Minor) at 5:51, Tomas Nosek (MTL) for Hooking (Minor) at 17:36
Goalie Stats
Jacob Markstrom (MTL), 26 saves from 27 shots - (0.963), W, 1-1-0, 60:00 minutes
Jordan Binnington (CHI), 23 saves from 28 shots - (0.821), L, 1-1-0, 60:00 minutes
Players Stats for Montreal Canadiens
Player Name G A P +/- PIM S H SB GA TA FO MP PP MP PK MP
------------------------------------------------------------------------------------
Adam Fox 0 1 1 1 0 4 0 0 0 3 0/0 24:11 1:03 3:40
Brady Skjei 0 0 0 1 4 0 3 0 0 1 0/0 22:47 0:57 2:12
Christian Fischer 1 0 1 1 0 2 0 0 0 0 2/11 12:28 0:00 0:00
Damon Severson 0 0 0 2 0 1 3 0 0 0 0/0 21:53 1:04 2:58
Dylan Larkin 1 1 2 2 0 5 1 2 1 0 9/13 19:22 1:03 2:52
Evgeni Dadonov 0 0 0 1 0 1 2 1 1 0 0/1 13:46 1:03 0:15
Filip Forsberg 1 0 1 2 0 2 0 0 0 0 0/0 12:42 0:00 0:00
Filip Hronek 0 0 0 0 0 1 1 2 2 0 0/0 15:54 0:08 0:00
Jack Johnson 0 0 0 0 2 0 1 0 0 0 0/0 16:35 0:00 1:28
Jamie Benn 0 2 2 0 0 1 1 1 0 0 1/2 18:02 1:04 3:31
Jonathan Marchessault 0 1 1 1 0 1 0 0 1 0 0/1 14:02 1:03 0:15
Martin Necas 1 0 1 2 0 1 0 0 0 0 0/0 12:58 0:00 0:00
Miles Wood 0 0 0 0 0 2 1 0 0 0 0/0 9:29 0:00 0:00
Patrik Laine 0 1 1 0 0 3 0 0 1 0 1/1 17:37 1:04 3:31
Sidney Crosby 0 2 2 0 0 2 0 0 0 1 9/14 19:15 1:02 2:52
Tomas Nosek 0 0 0 0 2 1 0 0 1 0 1/1 9:45 0:00 0:00
Tyler Myers 1 2 3 2 0 1 3 0 0 1 0/0 21:38 1:04 2:58
Vladislav Namestnikov 0 0 0 0 0 0 2 0 0 0 0/0 9:36 0:00 0:00
Players Stats for Chicago Black Hawks
Player Name G A P +/- PIM S H SB GA TA FO MP PP MP PK MP
------------------------------------------------------------------------------------
Barrett Hayton 0 0 0 -2 0 0 2 1 0 1 1/3 18:53 3:20 0:57
Bo Horvat 1 0 1 1 0 5 1 2 0 0 9/14 18:03 3:18 0:00
Brent Burns 0 0 0 -2 0 0 4 1 0 1 0/0 24:28 3:22 0:51
Cale Makar 0 1 1 1 0 3 1 1 0 0 0/0 24:39 3:16 0:08
Conor Sheary 0 0 0 -1 0 2 1 0 0 1 1/2 12:23 0:00 0:00
Devon Toews 0 0 0 -3 0 0 2 2 0 0 0/0 18:19 3:16 1:08
Frederick Gaudreau 0 0 0 0 0 0 1 0 0 0 0/0 4:14 0:00 1:08
Jaden Schwartz 0 0 0 -1 0 2 3 0 2 1 0/0 12:38 0:00 0:00
Kevin Fiala 0 1 1 1 0 0 0 0 1 0 0/0 18:34 3:18 0:02
Kirby Dach 0 0 0 -2 0 2 2 0 1 0 0/1 17:56 3:20 0:00
Marcus Pettersson 0 0 0 -2 2 0 3 2 0 1 0/0 15:59 0:00 0:08
Michael Rasmussen 0 0 0 -1 0 1 0 1 0 0 0/0 9:09 0:00 0:57
Nicholas Paul 0 0 0 -2 0 1 2 1 0 1 5/10 18:53 0:00 0:00
Patrice Bergeron 0 0 0 -2 0 7 1 0 0 0 5/12 19:05 3:20 1:08
Seth Jones 0 0 0 1 0 1 1 1 0 1 0/0 19:35 3:22 0:51
Shane Pinto 0 0 0 -1 0 2 0 0 1 0 0/1 8:43 0:00 0:02
Travis Sanheim 0 0 0 -1 0 0 0 2 0 0 0/0 17:00 0:00 1:08
Vincent Trocheck 0 0 0 1 2 1 2 1 1 0 0/1 18:02 3:17 0:00
3 Stars
1 - Tyler Myers (MTL)
2 - Dylan Larkin (MTL)
3 - Jacob Markstrom (MTL)
Power Play
Montreal Canadiens - 1 on 2 Attempt(s) - 50.00%
Chicago Black Hawks - 0 on 4 Attempt(s) - 0.00%
Penalty Kill
Montreal Canadiens - 4 on 4 Attempt(s) - 100.00%
- Score 0 goal in Penalty Kill
Chicago Black Hawks - 1 on 2 Attempt(s) - 50.00%
- Score 0 goal in Penalty Kill
Team Stat
Montreal Canadiens - Hits : 18 - Faceoff Wins : 23 - Blocked Shots : 6 - Penalty Minutes : 8
Chicago Black Hawks - Hits : 26 - Faceoff Wins : 21 - Blocked Shots : 15 - Penalty Minutes : 4
Official
Referees : Tom Kowal and Ian Walsh
Linesman : Michel Cormier and Greg Devorski
Game Notes
No Game Note
Finance
Level 1 -- Attendance: 5345 (89.08%) -- Ticket Income $534,500
Level 2 -- Attendance: 4493 (89.86%) -- Ticket Income $269,580
Level 3 -- Attendance: 2475 (82.50%) -- Ticket Income $86,625
Level 4 -- Attendance: 4710 (94.20%) -- Ticket Income $117,750
Luxury Box -- Attendance: 924 (92.40%) -- Ticket Income $184,800
Game was played at the United Center.
Total Attendance: 17947 (89.74%)
Total Ticket Income: $1,193,255
Other Income: $417,639
Total Income: $1,610,894
Montreal Canadiens
5 vs 5 Forward
Center Left Wing Right Wing Time % Phy DF OF
1 Sidney Crosby Jamie Benn Patrik Laine 30 1 2 2
2 Dylan Larkin Filip Forsberg Martin Necas 30 1 2 2
3 Christian Fischer Jonathan Marchessault Evgeni Dadonov 25 1 2 2
4 Tomas Nosek Miles Wood Vladislav Namestnikov 15 1 2 2
5 vs 5 Defense
Defense Defense Time % Phy DF OF
1 Adam Fox Brady Skjei 35 1 2 2
2 Damon Severson Tyler Myers 35 1 2 2
3 Filip Hronek Jack Johnson 30 1 2 2
4 Adam Fox Brady Skjei 0 1 2 2
PowerPlay Forward
Center Left Wing Right Wing Time % Phy DF OF
1 Sidney Crosby Jamie Benn Patrik Laine 50 1 2 2
2 Dylan Larkin Evgeni Dadonov Jonathan Marchessault 50 1 2 2
PowerPlay Defense
Defense Defense Time % Phy DF OF
1 Adam Fox Brady Skjei 50 1 2 2
2 Damon Severson Tyler Myers 50 1 2 2
Penalty Kill 4 Players Forward
Center Wing Time % Phy DF OF
1 Sidney Crosby Dylan Larkin 50 1 2 2
2 Jamie Benn Patrik Laine 50 1 2 2
Penalty Kill 4 Players Defense
Defense Defense Time % Phy DF OF
1 Adam Fox Brady Skjei 50 1 2 2
2 Damon Severson Tyler Myers 50 1 2 2
Penalty Kill - 3 Players Forward
Forward Time % Phy DF OF
1 Sidney Crosby 50 1 2 2
2 Dylan Larkin 50 1 2 2
Penalty Kill - 3 Players Defense
Defense Defense Time % Phy DF OF
1 Adam Fox Brady Skjei 50 1 2 2
2 Damon Severson Tyler Myers 50 1 2 2
4 vs 4 Forward
Center Wing Time % Phy DF OF
1 Sidney Crosby Dylan Larkin 50 1 2 2
2 Jamie Benn Patrik Laine 50 1 2 2
4 vs 4 Defense
Defense Defense Time % Phy DF OF
1 Adam Fox Brady Skjei 50 1 2 2
2 Damon Severson Tyler Myers 50 1 2 2
Last Minutes Offensive
Center Left Wing Right Wing Defense Defense
Sidney Crosby Jamie Benn Patrik Laine Adam Fox Brady Skjei
Last Minutes Defensive
Center Left Wing Right Wing Defense Defense
Sidney Crosby Jamie Benn Patrik Laine Adam Fox Brady Skjei
Goaltenders
Starting : Jacob Markstrom
Backup : Daniel Vladar
Extra Forwards
Normal : Tomas Nosek, Jonathan Marchessault, Evgeni Dadonov - PP : Tomas Nosek, Jonathan Marchessault - PK : Evgeni Dadonov
Extra Defensemen
Normal : Filip Hronek, Jack Johnson, Damon Severson - PP : Filip Hronek - PK : Jack Johnson, Damon Severson
Penalty Shots
Sidney Crosby, Dylan Larkin, Jamie Benn, Patrik Laine, Jonathan Marchessault
Chicago Black Hawks
5 vs 5 Forward
Center Left Wing Right Wing Time % Phy DF OF
1 Bo Horvat Kevin Fiala Vincent Trocheck 30 1 2 2
2 Patrice Bergeron Barrett Hayton Kirby Dach 30 1 2 2
3 Nicholas Paul Jaden Schwartz Conor Sheary 25 1 2 2
4 Shane Pinto Michael Rasmussen Nicholas Paul 15 1 2 2
5 vs 5 Defense
Defense Defense Time % Phy DF OF
1 Cale Makar Seth Jones 30 0 3 2
2 Brent Burns Devon Toews 30 1 3 1
3 Travis Sanheim Marcus Pettersson 25 0 4 1
4 Cale Makar Brent Burns 15 0 3 2
PowerPlay Forward
Center Left Wing Right Wing Time % Phy DF OF
1 Bo Horvat Kevin Fiala Vincent Trocheck 50 0 0 5
2 Patrice Bergeron Barrett Hayton Kirby Dach 50 0 0 5
PowerPlay Defense
Defense Defense Time % Phy DF OF
1 Brent Burns Seth Jones 50 0 1 4
2 Cale Makar Devon Toews 50 0 1 4
Penalty Kill 4 Players Forward
Center Wing Time % Phy DF OF
1 Patrice Bergeron Frederick Gaudreau 50 0 5 0
2 Barrett Hayton Michael Rasmussen 50 0 5 0
Penalty Kill 4 Players Defense
Defense Defense Time % Phy DF OF
1 Devon Toews Travis Sanheim 50 0 5 0
2 Brent Burns Seth Jones 50 0 5 0
Penalty Kill - 3 Players Forward
Forward Time % Phy DF OF
1 Bo Horvat 50 0 5 0
2 Frederick Gaudreau 50 0 5 0
Penalty Kill - 3 Players Defense
Defense Defense Time % Phy DF OF
1 Marcus Pettersson Seth Jones 50 0 5 0
2 Travis Sanheim Devon Toews 50 0 5 0
4 vs 4 Forward
Center Wing Time % Phy DF OF
1 Vincent Trocheck Frederick Gaudreau 50 1 2 2
2 Shane Pinto Kevin Fiala 50 1 2 2
4 vs 4 Defense
Defense Defense Time % Phy DF OF
1 Devon Toews Travis Sanheim 50 1 3 1
2 Marcus Pettersson Cale Makar 50 0 4 1
Last Minutes Offensive
Center Left Wing Right Wing Defense Defense
Bo Horvat Kevin Fiala Vincent Trocheck Cale Makar Seth Jones
Last Minutes Defensive
Center Left Wing Right Wing Defense Defense
Bo Horvat Kevin Fiala Vincent Trocheck Cale Makar Seth Jones
Goaltenders
Starting : Jordan Binnington
Backup : Thatcher Demko
Extra Forwards
Normal : Frederick Gaudreau, Nicholas Paul, Jaden Schwartz - PP : Frederick Gaudreau, Nicholas Paul - PK : Jaden Schwartz
Extra Defensemen
Normal : Travis Sanheim, Marcus Pettersson, Brent Burns - PP : Travis Sanheim - PK : Marcus Pettersson, Brent Burns
Penalty Shots
Bo Horvat, Patrice Bergeron, Vincent Trocheck, Kevin Fiala, Barrett Hayton
% Time on Ice - Montreal Canadiens
Lines # - Real PCT - Wanted PCT - Time Play
Normal Forward
1 - 31% - 30% - 15:25
2 - 25% - 30% - 12:43
3 - 25% - 25% - 12:20
4 - 19% - 15% - 9:29
Normal Defense
1 - 34% - 35% - 17:03
2 - 35% - 35% - 17:32
3 - 29% - 30% - 14:28
4 - 2% - 0% - 0:54
PP Forward
1 - 49% - 50% - 1:02
2 - 51% - 50% - 1:05
PP Defense
1 - 50% - 50% - 1:03
2 - 50% - 50% - 1:04
PK Forward
1 - 44% - 50% - 2:55
2 - 56% - 50% - 3:43
PK Defense
1 - 55% - 50% - 3:40
2 - 45% - 50% - 2:58
PK3 Forward
1 - 0% - 50%
2 - 0% - 50%
PK3 Defense
1 - 0% - 50%
2 - 0% - 50%
44 Forward
1 - 56% - 50% - 0:44
2 - 44% - 50% - 0:34
44 Defense
1 - 58% - 50% - 0:45
2 - 42% - 50% - 0:33
Last Minute Offensive - 0:00
Last Minute Defensive - 0:00
Total
Forward - 60:00
Defense - 60:00
|
% Time on Ice - Chicago Black Hawks
Lines # - Real PCT - Wanted PCT - Time Play
Normal Forward
1 - 30% - 30% - 14:46
2 - 29% - 30% - 14:36
3 - 25% - 25% - 12:23
4 - 16% - 15% - 8:12
Normal Defense
1 - 29% - 30% - 14:39
2 - 28% - 30% - 13:51
3 - 30% - 25% - 15:05
4 - 13% - 15% - 6:22
PP Forward
1 - 50% - 50% - 3:18
2 - 50% - 50% - 3:20
PP Defense
1 - 51% - 50% - 3:22
2 - 49% - 50% - 3:16
PK Forward
1 - 54% - 50% - 1:08
2 - 46% - 50% - 0:59
PK Defense
1 - 54% - 50% - 1:08
2 - 46% - 50% - 0:59
PK3 Forward
1 - 0% - 50%
2 - 0% - 50%
PK3 Defense
1 - 0% - 50%
2 - 0% - 50%
44 Forward
1 - 63% - 50% - 0:49
2 - 37% - 50% - 0:29
44 Defense
1 - 60% - 50% - 0:47
2 - 40% - 50% - 0:31
Last Minute Offensive - 0:00
Last Minute Defensive - 0:00
Total
Forward - 60:00
Defense - 60:00
|
Play-by-Play
1st period
0:01 of 1st period - Bo Horvat wins face-off versus Sidney Crosby in neutral zone.
0:04 of 1st period - Adam Fox is hit by Cale Makar and loses puck.
0:09 of 1st period - Snap shot by Vincent Trocheck.
0:09 of 1st period - Deflect By Adam Fox.
0:09 of 1st period - Shot Blocked by Jamie Benn.
0:09 of 1st period - Puck is out of play.
0:10 of 1st period - Sidney Crosby wins face-off versus Vincent Trocheck in Montreal Canadiens zone.
0:15 of 1st period - Cale Makar is hit by Brady Skjei.
0:50 of 1st period - Wrist shot by Bo Horvat.
0:50 of 1st period - Stopped by Jacob Markstrom without a rebound.
0:51 of 1st period - Dylan Larkin wins face-off versus Patrice Bergeron in Montreal Canadiens zone.
1:18 of 1st period - Jonathan Marchessault is hit by Nicholas Paul and loses puck.
2:37 of 1st period - Wrist shot by Vladislav Namestnikov.
2:37 of 1st period - Shot Blocked by Travis Sanheim.
2:39 of 1st period - Slapshot by Adam Fox.
2:39 of 1st period - Stopped by Jordan Binnington with a rebound.
2:41 of 1st period - Snap shot by Brady Skjei.
2:41 of 1st period - Shot Misses the Net.
3:01 of 1st period - Wrist shot by Sidney Crosby.
3:01 of 1st period - Stopped by Jordan Binnington with a rebound.
3:19 of 1st period - Wrist shot by Kevin Fiala.
3:19 of 1st period - Shot Blocked by Dylan Larkin.
4:07 of 1st period - Snap shot by Patrik Laine.
4:07 of 1st period - Stopped by Jordan Binnington without a rebound.
4:08 of 1st period - Sidney Crosby wins face-off versus Bo Horvat in Chicago Black Hawks zone.
4:09 of 1st period - Wrist shot by Patrik Laine.
4:09 of 1st period - Shot Blocked by Marcus Pettersson.
4:38 of 1st period - Off-side.
4:39 of 1st period - Dylan Larkin wins face-off versus Kirby Dach in neutral zone.
4:44 of 1st period - Wrist shot by Patrice Bergeron.
4:44 of 1st period - Stopped by Jacob Markstrom with a rebound.
4:48 of 1st period - Wrist shot by Patrice Bergeron.
4:48 of 1st period - Stopped by Jacob Markstrom with a rebound.
5:11 of 1st period - Snap shot by Jonathan Marchessault.
5:11 of 1st period - Shot Misses the Net.
5:49 of 1st period - Snap shot by Sidney Crosby.
5:49 of 1st period - Stopped by Jordan Binnington with a rebound.
5:51 of 1st period - Slapshot by Damon Severson.
5:51 of 1st period - Shot Blocked by Michael Rasmussen.
5:53 of 1st period - Slapshot by Jack Johnson.
5:53 of 1st period - Shot Misses the Net.
5:55 of 1st period - Snap shot by Jack Johnson.
5:55 of 1st period - Shot Blocked by Cale Makar.
6:05 of 1st period - Snap shot by Patrice Bergeron.
6:05 of 1st period - Stopped by Jacob Markstrom with a rebound.
6:17 of 1st period - Wrist shot by Kirby Dach.
6:17 of 1st period - Shot Blocked by Dylan Larkin.
6:26 of 1st period - Off-side.
6:27 of 1st period - Nicholas Paul wins face-off versus Christian Fischer in neutral zone.
6:54 of 1st period - Slapshot by Dylan Larkin.
6:54 of 1st period - Shot Misses the Net.
7:04 of 1st period - Minor Penalty to Marcus Pettersson for Slashing.
7:05 of 1st period - Sidney Crosby wins face-off versus Patrice Bergeron in Chicago Black Hawks zone.
7:06 of 1st period - Snap shot by Patrik Laine.
7:06 of 1st period - Stopped by Jordan Binnington with a rebound.
7:08 of 1st period - Slapshot by Adam Fox.
7:08 of 1st period - Shot Blocked by Travis Sanheim.
7:10 of 1st period - Slapshot by Brady Skjei.
7:10 of 1st period - Shot Blocked by Devon Toews.
7:12 of 1st period - Slapshot by Adam Fox.
7:12 of 1st period - Shot Misses the Net.
7:14 of 1st period - Wrist shot by Adam Fox.
7:14 of 1st period - Stopped by Jordan Binnington with a rebound.
7:16 of 1st period - Snap shot by Brady Skjei.
7:16 of 1st period - Shot Blocked by Devon Toews.
7:18 of 1st period - Slapshot by Jamie Benn.
7:18 of 1st period - Stopped by Jordan Binnington without a rebound.
7:19 of 1st period - Dylan Larkin wins face-off versus Barrett Hayton in Chicago Black Hawks zone.
7:32 of 1st period - Seth Jones is hit by Dylan Larkin and loses puck.
7:45 of 1st period - Sidney Crosby is hit by Barrett Hayton and loses puck.
8:01 of 1st period - Icing by Tyler Myers.
8:02 of 1st period - Patrice Bergeron wins face-off versus Evgeni Dadonov in Montreal Canadiens zone.
8:09 of 1st period - Snap shot by Frederick Gaudreau.
8:09 of 1st period - Shot Misses the Net.
9:04 of 1st period - Penalty to Marcus Pettersson is over, Marcus Pettersson is back on ice.
9:18 of 1st period - Nicholas Paul is hit by Vladislav Namestnikov and loses puck.
9:31 of 1st period - Dylan Larkin is hit by Vincent Trocheck and loses puck.
9:46 of 1st period - Slapshot by Patrice Bergeron.
9:46 of 1st period - Deflect By Kirby Dach.
9:46 of 1st period - Stopped by Jacob Markstrom without a rebound.
9:47 of 1st period - Barrett Hayton wins face-off versus Christian Fischer in Montreal Canadiens zone.
9:54 of 1st period - Marcus Pettersson is hit by Evgeni Dadonov and loses puck.
10:11 of 1st period - Wrist shot by Sidney Crosby.
10:11 of 1st period - Shot Blocked by Nicholas Paul.
10:21 of 1st period - Wrist shot by Conor Sheary.
10:21 of 1st period - Stopped by Jacob Markstrom without a rebound.
10:22 of 1st period - Bo Horvat wins face-off versus Dylan Larkin in Montreal Canadiens zone.
11:13 of 1st period - Barrett Hayton is hit by Damon Severson and loses puck.
12:07 of 1st period - Tyler Myers is hit by Marcus Pettersson.
12:13 of 1st period - Snap shot by Filip Forsberg.
12:13 of 1st period - Shot Misses the Net.
12:15 of 1st period - Wrist shot by Brady Skjei.
12:15 of 1st period - Shot Misses the Net.
12:17 of 1st period - Snap shot by Brady Skjei.
12:17 of 1st period - Shot Blocked by Barrett Hayton.
12:19 of 1st period - Slapshot by Brady Skjei.
12:19 of 1st period - Shot Misses the Net.
12:21 of 1st period - Wrist shot by Dylan Larkin.
12:21 of 1st period - Shot Misses the Net.
12:23 of 1st period - Wrist shot by Dylan Larkin.
12:23 of 1st period - Stopped by Jordan Binnington without a rebound.
12:24 of 1st period - Nicholas Paul wins face-off versus Christian Fischer in Chicago Black Hawks zone.
12:29 of 1st period - Slapshot by Adam Fox.
12:29 of 1st period - Stopped by Jordan Binnington without a rebound.
12:30 of 1st period - Christian Fischer wins face-off versus Nicholas Paul in Chicago Black Hawks zone.
12:39 of 1st period - Snap shot by Jonathan Marchessault.
12:39 of 1st period - Shot Blocked by Seth Jones.
12:54 of 1st period - Off-side.
12:55 of 1st period - Patrice Bergeron wins face-off versus Sidney Crosby in neutral zone.
13:50 of 1st period - Wrist shot by Vincent Trocheck.
13:50 of 1st period - Shot Blocked by Evgeni Dadonov.
14:39 of 1st period - Wrist shot by Dylan Larkin.
14:39 of 1st period - Shot Misses the Net.
15:02 of 1st period - Wrist shot by Jonathan Marchessault.
15:02 of 1st period - Shot Misses the Net.
15:04 of 1st period - Snap shot by Christian Fischer.
15:04 of 1st period - Stopped by Jordan Binnington with a rebound.
15:06 of 1st period - Snap shot by Christian Fischer.
15:06 of 1st period - Goal by Christian Fischer - Montreal Canadiens : 1 - Chicago Black Hawks : 0.
15:07 of 1st period - Patrik Laine wins face-off versus Conor Sheary in neutral zone.
15:20 of 1st period - Snap shot by Jaden Schwartz.
15:20 of 1st period - Stopped by Jacob Markstrom with a rebound.
15:22 of 1st period - Slapshot by Cale Makar.
15:22 of 1st period - Stopped by Jacob Markstrom with a rebound.
15:37 of 1st period - Wrist shot by Barrett Hayton.
15:37 of 1st period - Shot Misses the Net.
15:43 of 1st period - Snap shot by Dylan Larkin.
15:43 of 1st period - Stopped by Jordan Binnington with a rebound.
15:45 of 1st period - Snap shot by Filip Forsberg.
15:45 of 1st period - Goal by Filip Forsberg - Montreal Canadiens : 2 - Chicago Black Hawks : 0.
15:46 of 1st period - Christian Fischer wins face-off versus Bo Horvat in neutral zone.
15:51 of 1st period - Snap shot by Evgeni Dadonov.
15:51 of 1st period - Stopped by Jordan Binnington without a rebound.
15:52 of 1st period - Bo Horvat wins face-off versus Christian Fischer in Chicago Black Hawks zone.
17:04 of 1st period - Wrist shot by Bo Horvat.
17:04 of 1st period - Shot Misses the Net.
17:40 of 1st period - Snap shot by Vladislav Namestnikov.
17:40 of 1st period - Shot Misses the Net.
17:49 of 1st period - Icing by Jaden Schwartz.
17:50 of 1st period - Nicholas Paul wins face-off versus Sidney Crosby in Chicago Black Hawks zone.
18:01 of 1st period - Wrist shot by Patrik Laine.
18:01 of 1st period - Stopped by Jordan Binnington without a rebound.
18:02 of 1st period - Patrice Bergeron wins face-off versus Dylan Larkin in Chicago Black Hawks zone.
18:29 of 1st period - Vincent Trocheck is hit by Tyler Myers and loses puck.
18:36 of 1st period - Tyler Myers is hit by Vincent Trocheck and loses puck.
18:53 of 1st period - Slapshot by Sidney Crosby.
18:53 of 1st period - Shot Misses the Net.
19:39 of 1st period - Minor Penalty to Brady Skjei for Hooking.
19:40 of 1st period - Bo Horvat wins face-off versus Sidney Crosby in Montreal Canadiens zone.
Goals for this period are 2 for Montreal Canadiens vs 0 for Chicago Black Hawks.
Shots for this period are 15 for Montreal Canadiens vs 8 for Chicago Black Hawks.
2nd period
0:01 of 2nd period - Jamie Benn wins face-off versus Patrice Bergeron in neutral zone.
0:14 of 2nd period - Cale Makar is hit by Damon Severson.
0:26 of 2nd period - Dylan Larkin is hit by Devon Toews and loses puck.
0:37 of 2nd period - Wrist shot by Bo Horvat.
0:37 of 2nd period - Stopped by Jacob Markstrom with a rebound.
1:39 of 2nd period - Penalty to Brady Skjei is over, Brady Skjei is back on ice.
2:02 of 2nd period - Travis Sanheim is hit by Damon Severson and loses puck.
2:36 of 2nd period - Icing by Brady Skjei.
2:37 of 2nd period - Patrice Bergeron wins face-off versus Sidney Crosby in Montreal Canadiens zone.
3:25 of 2nd period - Seth Jones is hit by Brady Skjei and loses puck.
3:40 of 2nd period - Jack Johnson is hit by Barrett Hayton.
4:05 of 2nd period - Wrist shot by Patrice Bergeron.
4:05 of 2nd period - Stopped by Jacob Markstrom with a rebound.
4:36 of 2nd period - Wrist shot by Sidney Crosby.
4:36 of 2nd period - Deflect By Dylan Larkin.
4:36 of 2nd period - Shot Misses the Net.
4:36 of 2nd period - Puck is out of play.
4:37 of 2nd period - Bo Horvat wins face-off versus Christian Fischer in Chicago Black Hawks zone.
4:37 of 2nd period - Bo Horvat is hit by Evgeni Dadonov.
5:13 of 2nd period - Snap shot by Miles Wood.
5:13 of 2nd period - Stopped by Jordan Binnington without a rebound.
5:14 of 2nd period - Bo Horvat wins face-off versus Christian Fischer in Chicago Black Hawks zone.
5:39 of 2nd period - Devon Toews is hit by Vladislav Namestnikov and loses puck.
5:44 of 2nd period - Snap shot by Vladislav Namestnikov.
5:44 of 2nd period - Shot Blocked by Brent Burns.
5:46 of 2nd period - Snap shot by Tomas Nosek.
5:46 of 2nd period - Stopped by Jordan Binnington with a rebound.
5:48 of 2nd period - Wrist shot by Miles Wood.
5:48 of 2nd period - Stopped by Jordan Binnington with a rebound.
6:00 of 2nd period - Evgeni Dadonov is hit by Brent Burns and loses puck.
6:17 of 2nd period - Travis Sanheim is hit by Miles Wood and loses puck.
7:35 of 2nd period - Damon Severson is hit by Seth Jones and loses puck.
8:56 of 2nd period - Vladislav Namestnikov is hit by Conor Sheary and loses puck.
9:44 of 2nd period - Devon Toews is hit by Jack Johnson.
9:50 of 2nd period - Icing by Tomas Nosek.
9:51 of 2nd period - Tomas Nosek wins face-off versus Bo Horvat in Montreal Canadiens zone.
10:24 of 2nd period - Dylan Larkin is hit by Patrice Bergeron and loses puck.
10:55 of 2nd period - Wrist shot by Nicholas Paul.
10:55 of 2nd period - Stopped by Jacob Markstrom with a rebound.
10:57 of 2nd period - Snap shot by Jaden Schwartz.
10:57 of 2nd period - Stopped by Jacob Markstrom with a rebound.
10:59 of 2nd period - Slapshot by Marcus Pettersson.
10:59 of 2nd period - Shot Misses the Net.
11:58 of 2nd period - Vincent Trocheck is hit by Filip Hronek and loses puck.
12:17 of 2nd period - Jamie Benn is hit by Jaden Schwartz and loses puck.
12:46 of 2nd period - Minor Penalty to Brady Skjei for Holding Stick.
12:47 of 2nd period - Patrice Bergeron wins face-off versus Jamie Benn in Montreal Canadiens zone.
12:48 of 2nd period - Snap shot by Kirby Dach.
12:48 of 2nd period - Shot Misses the Net.
12:50 of 2nd period - Wrist shot by Seth Jones.
12:50 of 2nd period - Deflect By Jamie Benn.
12:50 of 2nd period - Stopped by Jacob Markstrom with a rebound.
13:27 of 2nd period - Minor Penalty to Vincent Trocheck for Interference.
13:28 of 2nd period - Sidney Crosby wins face-off versus Nicholas Paul in Chicago Black Hawks zone.
13:39 of 2nd period - Adam Fox is hit by Frederick Gaudreau and loses puck.
14:35 of 2nd period - Wrist shot by Shane Pinto.
14:35 of 2nd period - Stopped by Jacob Markstrom with a rebound.
14:46 of 2nd period - Penalty to Brady Skjei is over, Brady Skjei is back on ice.
14:53 of 2nd period - Wrist shot by Dylan Larkin.
14:53 of 2nd period - Goal by Dylan Larkin - Montreal Canadiens : 3 - Chicago Black Hawks : 0.
14:54 of 2nd period - Bo Horvat wins face-off versus Christian Fischer in neutral zone.
15:03 of 2nd period - Wrist shot by Vincent Trocheck.
15:03 of 2nd period - Deflect By Bo Horvat.
15:03 of 2nd period - Stopped by Jacob Markstrom without a rebound.
15:04 of 2nd period - Bo Horvat wins face-off versus Christian Fischer in Montreal Canadiens zone.
15:13 of 2nd period - Wrist shot by Vincent Trocheck.
15:13 of 2nd period - Stopped by Jacob Markstrom without a rebound.
15:14 of 2nd period - Nicholas Paul wins face-off versus Dylan Larkin in Montreal Canadiens zone.
16:05 of 2nd period - Snap shot by Dylan Larkin.
16:05 of 2nd period - Shot Misses the Net.
16:07 of 2nd period - Slapshot by Brady Skjei.
16:07 of 2nd period - Shot Misses the Net.
16:09 of 2nd period - Slapshot by Brady Skjei.
16:09 of 2nd period - Shot Blocked by Vincent Trocheck.
16:13 of 2nd period - Wrist shot by Jonathan Marchessault.
16:13 of 2nd period - Shot Misses the Net.
16:15 of 2nd period - Slapshot by Brady Skjei.
16:15 of 2nd period - Shot Blocked by Marcus Pettersson.
16:31 of 2nd period - Snap shot by Miles Wood.
16:31 of 2nd period - Shot Blocked by Bo Horvat.
16:33 of 2nd period - Snap shot by Miles Wood.
16:33 of 2nd period - Shot Blocked by Bo Horvat.
16:35 of 2nd period - Slapshot by Filip Hronek.
16:35 of 2nd period - Stopped by Jordan Binnington without a rebound.
16:36 of 2nd period - Conor Sheary wins face-off versus Jonathan Marchessault in Chicago Black Hawks zone.
17:05 of 2nd period - Wrist shot by Patrice Bergeron.
17:05 of 2nd period - Stopped by Jacob Markstrom with a rebound.
17:07 of 2nd period - Wrist shot by Kirby Dach.
17:07 of 2nd period - Shot Misses the Net.
17:09 of 2nd period - Snap shot by Barrett Hayton.
17:09 of 2nd period - Shot Misses the Net.
17:11 of 2nd period - Backhand shot by Cale Makar.
17:11 of 2nd period - Stopped by Jacob Markstrom without a rebound.
17:12 of 2nd period - Dylan Larkin wins face-off versus Bo Horvat in Montreal Canadiens zone.
17:23 of 2nd period - Snap shot by Kevin Fiala.
17:23 of 2nd period - Shot Misses the Net.
17:25 of 2nd period - Snap shot by Marcus Pettersson.
17:25 of 2nd period - Shot Misses the Net.
17:27 of 2nd period - Wrist shot by Vincent Trocheck.
17:27 of 2nd period - Shot Hit the Post.
17:51 of 2nd period - Wrist shot by Jonathan Marchessault.
17:51 of 2nd period - Stopped by Jordan Binnington with a rebound.
19:12 of 2nd period - Snap shot by Kirby Dach.
19:12 of 2nd period - Stopped by Jacob Markstrom with a rebound.
19:14 of 2nd period - Slapshot by Patrice Bergeron.
19:14 of 2nd period - Stopped by Jacob Markstrom with a rebound.
19:16 of 2nd period - Snap shot by Barrett Hayton.
19:16 of 2nd period - Shot Blocked by Filip Hronek.
19:30 of 2nd period - Wrist shot by Michael Rasmussen.
19:30 of 2nd period - Stopped by Jacob Markstrom without a rebound.
19:31 of 2nd period - Sidney Crosby wins face-off versus Shane Pinto in Montreal Canadiens zone.
19:31 of 2nd period - Sidney Crosby is hit by Nicholas Paul.
Goals for this period are 1 for Montreal Canadiens vs 0 for Chicago Black Hawks.
Shots for this period are 6 for Montreal Canadiens vs 13 for Chicago Black Hawks.
3rd period
0:01 of 3rd period - Nicholas Paul wins face-off versus Dylan Larkin in neutral zone.
0:04 of 3rd period - Adam Fox is hit by Jaden Schwartz and loses puck.
0:13 of 3rd period - Snap shot by Cale Makar.
0:13 of 3rd period - Shot Misses the Net.
0:47 of 3rd period - Slapshot by Patrice Bergeron.
0:47 of 3rd period - Shot Misses the Net.
0:53 of 3rd period - Adam Fox is hit by Brent Burns.
1:07 of 3rd period - Vladislav Namestnikov is hit by Brent Burns and loses puck.
1:12 of 3rd period - Wrist shot by Shane Pinto.
1:12 of 3rd period - Stopped by Jacob Markstrom with a rebound.
2:05 of 3rd period - Icing by Patrice Bergeron.
2:06 of 3rd period - Sidney Crosby wins face-off versus Barrett Hayton in Chicago Black Hawks zone.
2:11 of 3rd period - Snap shot by Patrik Laine.
2:11 of 3rd period - Shot Misses the Net.
2:17 of 3rd period - Snap shot by Patrice Bergeron.
2:17 of 3rd period - Stopped by Jacob Markstrom without a rebound.
2:18 of 3rd period - Dylan Larkin wins face-off versus Nicholas Paul in Montreal Canadiens zone.
3:06 of 3rd period - Patrice Bergeron is hit by Jamie Benn and loses puck.
3:27 of 3rd period - Tomas Nosek is hit by Marcus Pettersson and loses puck.
3:36 of 3rd period - Wrist shot by Cale Makar.
3:36 of 3rd period - Stopped by Jacob Markstrom without a rebound.
3:37 of 3rd period - Dylan Larkin wins face-off versus Bo Horvat in Montreal Canadiens zone.
4:29 of 3rd period - Wrist shot by Bo Horvat.
4:29 of 3rd period - Goal by Bo Horvat - Montreal Canadiens : 3 - Chicago Black Hawks : 1.
4:30 of 3rd period - Dylan Larkin wins face-off versus Nicholas Paul in neutral zone.
4:45 of 3rd period - Slapshot by Adam Fox.
4:45 of 3rd period - Stopped by Jordan Binnington with a rebound.
4:47 of 3rd period - Snap shot by Adam Fox.
4:47 of 3rd period - Deflect By Dylan Larkin.
4:47 of 3rd period - Stopped by Jordan Binnington with a rebound.
4:57 of 3rd period - Christian Fischer is hit by Brent Burns and loses puck.
5:24 of 3rd period - Patrik Laine is hit by Marcus Pettersson and loses puck.
5:51 of 3rd period - Minor Penalty to Jack Johnson for Slashing.
5:52 of 3rd period - Sidney Crosby wins face-off versus Patrice Bergeron in Montreal Canadiens zone.
7:51 of 3rd period - Penalty to Jack Johnson is over, Jack Johnson is back on ice.
8:34 of 3rd period - Snap shot by Dylan Larkin.
8:34 of 3rd period - Shot Misses the Net.
9:20 of 3rd period - Snap shot by Vladislav Namestnikov.
9:20 of 3rd period - Shot Misses the Net.
9:43 of 3rd period - Damon Severson is hit by Kirby Dach and loses puck.
10:11 of 3rd period - Snap shot by Dylan Larkin.
10:11 of 3rd period - Stopped by Jordan Binnington with a rebound.
11:16 of 3rd period - Adam Fox is hit by Devon Toews and loses puck.
11:23 of 3rd period - Brady Skjei is hit by Jaden Schwartz and loses puck.
13:30 of 3rd period - Snap shot by Vincent Trocheck.
13:30 of 3rd period - Shot Blocked by Filip Hronek.
13:38 of 3rd period - Jack Johnson is hit by Bo Horvat and loses puck.
13:53 of 3rd period - Jaden Schwartz is hit by Brady Skjei and loses puck.
14:22 of 3rd period - Wrist shot by Martin Necas.
14:22 of 3rd period - Goal by Martin Necas - Montreal Canadiens : 4 - Chicago Black Hawks : 1.
14:23 of 3rd period - Dylan Larkin wins face-off versus Patrice Bergeron in neutral zone.
14:28 of 3rd period - Backhand shot by Damon Severson.
14:28 of 3rd period - Stopped by Jordan Binnington with a rebound.
14:52 of 3rd period - Conor Sheary is hit by Tyler Myers and loses puck.
15:11 of 3rd period - Snap shot by Seth Jones.
15:11 of 3rd period - Deflect By Bo Horvat.
15:11 of 3rd period - Stopped by Jacob Markstrom without a rebound.
15:12 of 3rd period - Bo Horvat wins face-off versus Christian Fischer in Montreal Canadiens zone.
16:00 of 3rd period - Snap shot by Conor Sheary.
16:00 of 3rd period - Stopped by Jacob Markstrom without a rebound.
16:01 of 3rd period - Sidney Crosby wins face-off versus Nicholas Paul in Montreal Canadiens zone.
16:12 of 3rd period - Travis Sanheim is hit by Tyler Myers and loses puck.
16:17 of 3rd period - Wrist shot by Sidney Crosby.
16:17 of 3rd period - Shot Misses the Net.
16:19 of 3rd period - Slapshot by Tyler Myers.
16:19 of 3rd period - Deflect By Jaden Schwartz.
16:19 of 3rd period - Goal by Tyler Myers - Montreal Canadiens : 5 - Chicago Black Hawks : 1.
16:20 of 3rd period - Dylan Larkin wins face-off versus Patrice Bergeron in neutral zone.
16:23 of 3rd period - Snap shot by Filip Forsberg.
16:23 of 3rd period - Stopped by Jordan Binnington with a rebound.
16:35 of 3rd period - Brady Skjei is hit by Kirby Dach and loses puck.
17:36 of 3rd period - Minor Penalty to Tomas Nosek for Hooking.
17:37 of 3rd period - Sidney Crosby wins face-off versus Patrice Bergeron in Montreal Canadiens zone.
19:36 of 3rd period - Penalty to Tomas Nosek is over, Tomas Nosek is back on ice.
Goals for this period are 2 for Montreal Canadiens vs 1 for Chicago Black Hawks.
Shots for this period are 7 for Montreal Canadiens vs 6 for Chicago Black Hawks.
Back to the Top